 Dungeon Crawl Stone Soup version 0.26.1-10-gdfb7c7de75 (webtiles) character file.

Game seed: 18195724774176746625

146 Descartes the Magician (level 5, -1/28 HPs)
             Began as a Deep Elf Hedge Wizard on Apr 11, 2021.
             Was an Initiate of Gozag.
             Slain by an iguana (4 damage)
             ... on level 5 of the Dungeon.
             The game lasted 00:05:18 (2150 turns).

Descartes the Magician (Deep Elf Hedge Wizard)      Turns: 2150, Time: 00:05:19

Health: -1/28      AC:  2    Str:  7    XL:     5   Next: 7%
Magic:  5/14       EV: 13    Int: 20    God:    Gozag
Gold:   192        SH:  0    Dex: 14    Spells: 13/14 levels left

rFire    . . .     SeeInvis .   a - +0 dagger
rCold    . . .     Faith    .   (no shield)
rNeg     . . .     Spirit   .   b - +0 robe
rPois    .         Reflect  .   c - +0 hat
rElec    .         Harm     .   (no cloak)
rCorr    .         Rampage  .   (no gloves)
Will     .....                  (no boots)
Stlth    ++........             (no amulet)
HPRegen  0.09/turn              (no ring)
MPRegen  0.14/turn              (no ring)

@: gold aura
A: no striking features
a: Renounce Religion, Potion Petition, Call Merchant, Bribe Branch


You were on level 5 of the Dungeon.
You worshipped Gozag.
Gozag was aware of your devotion.
You visited 1 branch of the dungeon, and saw 4 of its levels.

You collected 239 gold pieces.
You paid 47 gold pieces to Gozag.

Inventory:

Hand Weapons
 a - a +0 dagger (weapon)
Missiles
 d - 130 stones
 j - 23 bolts
Armour
 b - a +0 robe (worn)
 c - a +0 hat (worn)
Jewellery
 g - an uncursed ring of fire
Wands
 o - a wand of acid (6)
Scrolls
 e - a scroll of enchant weapon {unknown}
 h - 4 scrolls of teleportation {unknown}
 i - a scroll of fear {unknown}
 l - a scroll of identify {unknown}
 m - 2 scrolls of remove curse {unknown}
 n - a scroll of magic mapping {unknown}
 p - a scroll of random uselessness {unknown}
Potions
 k - a potion of flight {unknown}


   Skills:
 - Level 2.4 Dodging
 + Level 2.5 Stealth
 + Level 5.0 Spellcasting
 - Level 5.0 Conjurations
 - Level 1.1 Summonings
 + Level 1.2 Translocations


You had 13 spell levels left.
You knew the following spells:

 Your Spells              Type           Power        Failure   Level
a - Magic Dart            Conj           100%         1%          1

Your spell library contained the following spells:

 Spells                   Type           Power        Failure   Level
 Blink                    Tloc           N/A          11%         2
 Call Imp                 Summ           9%           11%         2
 Conjure Flame            Conj/Fire      15%          12%         3
 Slow                     Hex            5%           17%         2
 Mephitic Cloud           Conj/Pois/Air  11%          17%         3


Dungeon Overview and Level Annotations

Branches:
Dungeon (3/15)

Altars:
Ashenzari
Cheibriados
Fedhas
Gozag
Makhleb
Okawaru
Qazlal
Ru
Trog
Wu Jian


Message History

Confirm with . or Enter, or press ? or * to list all spells.
Aiming: Magic Dart (safe; 1% risk of failure)
Press: ? - help, Shift-Dir - straight line, f/p - iguana
Aim: an iguana (heavily wounded, 0% to evade)
The magic dart hits the iguana.
The iguana is heavily wounded.
The iguana bites you!
* * * LOW HITPOINT WARNING * * *
You see here 3 scrolls labelled REDAERHIXT.
The iguana completely misses you.
Casting: Magic Dart (safe; 1% risk of failure)
Confirm with . or Enter, or press ? or * to list all spells.
Aiming: Magic Dart (safe; 1% risk of failure)
Press: ? - help, Shift-Dir - straight line, f/p - iguana
Aim: an iguana (heavily wounded, 0% to evade)
The magic dart hits the iguana.
The iguana is severely wounded.
The iguana bites you.
You die...
Your body crumbles into a pile of gold.

..### #
.....)######.##.##
.........l@.......
..[......$...#..##
......###.####
....$. ...# .....
##..# .!#.. ...# #
.. ##.# #.# ..


You could see an iguana.

Vanquished Creatures
  A centaur (D:5)
  2 adders
  A worm (D:3)
  2 dart slugs
  A leopard gecko (D:1)
  3 ball pythons
  3 bats
  4 giant cockroaches
  6 goblins
  2 hobgoblins (D:3)
  3 jackals (D:3)
  9 frilled lizards
  3 kobolds
  6 rats
46 creatures vanquished.

Notes
Turn   | Place    | Note
-------+----------+-------------------------------------------
     0 | D:1      | Descartes the Deep Elf Hedge Wizard began the quest for the
                  | Orb.
     0 | D:1      | Reached XP level 1. HP: 10/10 MP: 7/7
   301 | D:1      | Reached XP level 2. HP: 15/15 MP: 7/9
   643 | D:1      | Reached skill level 5 in Spellcasting
   882 | D:2      | Reached XP level 3. HP: 19/19 MP: 3/11
  1253 | D:2      | Found a snail-covered altar of Cheibriados.
  1552 | D:3      | Found an opulent altar of Gozag.
  1564 | D:3      | Became a worshipper of Gozag Ym Sagoz the Greedy
  1791 | D:3      | Found a broken altar of Ashenzari.
  1949 | D:3      | Found a sacrificial altar of Ru.
  1949 | D:3      | Found an ornate altar of the Wu Jian Council.
  1949 | D:3      | Found an iron altar of Okawaru.
  1952 | D:3      | Found a burning altar of Makhleb.
  1952 | D:3      | Found a blossoming altar of Fedhas.
  1954 | D:3      | Found a bloodstained altar of Trog.
  1971 | D:3      | Found a stormy altar of Qazlal.
  2024 | D:3      | Reached XP level 4. HP: 20/24 MP: 4/13
  2136 | D:3      | You fall into a shaft and drop 2 floors!
  2136 | D:5      | Entered Level 5 of the Dungeon
  2137 | D:5      | Noticed a centaur
  2141 | D:5      | Killed a centaur
  2142 | D:5      | Reached skill level 5 in Conjurations
  2142 | D:5      | Reached XP level 5. HP: 7/28 MP: 10/14
  2145 | D:5      | HP: 1/28 [iguana (6)]
  2150 | D:5      | Slain by an iguana

Illustrated notes

Levels and vault maps discovered:
D:1:      eino_arrival_tree_alley, layout_rooms
D:2:      layout_basic, marbit_many_paths
D:3:      layout_loops_ring, lemuel_doored_altar, lemuel_round_altar,
          grunt_temple_overflow_open
D:5:      layout_loops_ring, minmay_temple_entry_overgrown, serial_shops, shop,
          uniq_sigmund, uniq_ijyb

Skill      XL: |  1  2  3  4 |
---------------+-------------+-----
Conjurations   | 2 3 5 |  5.0
Spellcasting   | 5 |  5.0
Dodging        | |  2.4
Stealth        | |  2.5
Summonings     | |  1.1
Translocations | |  1.2

Action                   |  1- 3 |  4- 6 || total
-------------------------+-------+-------++-------
Melee: Dagger            |     4 |     1 ||     5
 Cast: Magic Dart        |   105 |    11 ||   116
  Use: Potion            |       |     1 ||     1
 Stab: Sleeping          |       |     1 ||     1
Armor: Robe              |     1 |     1 ||     2
Dodge: Dodged            |    15 |     6 ||    21
